 Dungeon Crawl Stone Soup version 0.28.0-47-ge53b351184 (webtiles) character file.

Game seed: 1198755735831537519

212 Kenran the Chopper (level 5, -4/46 HPs)
             Began as a Hill Orc Fighter on Apr 27, 2022.
             Killed by divine providence
             ... invoked by an orc priest
              (14 damage)
             ... on level 4 of the Dungeon.
             The game lasted 00:05:05 (3598 turns).

Kenran the Chopper (Hill Orc Fighter)               Turns: 3598, Time: 00:05:06

Health: -4/46      AC: 12    Str: 21    XL:     5   Next: 90%
Magic:  5/5        EV:  5    Int:  8    God:
Gold:   210        SH:  4    Dex: 10    Spells: 4/4 levels left

rFire   + . .      SeeInvis .   a - +0 war axe
rCold   . . .      Faith    .   c - +0 buckler
rNeg    . . .      Spirit   .   k - +0 plate armour
rPois   +          Reflect  .   (no helmet)
rElec   .          Harm     .   u - +0 cloak
rCorr   .          Rampage  .   (no gloves)
Will    .....                   (no boots)
Stlth   ..........              (no amulet)
HPRegen 0.15/turn               l - ring of protection from fire
MPRegen 0.09/turn               q - ring of poison resistance

@: no status effects
A: no striking features
a: Convert to Beogh


You were on level 4 of the Dungeon.
You visited 1 branch of the dungeon, and saw 4 of its levels.

You collected 210 gold pieces.

Inventory:

Hand Weapons
 a - a +0 war axe (weapon)
Armour
 c - a +0 buckler (worn)
 k - a +0 plate armour (worn)
 u - a +0 cloak (worn)
Jewellery
 l - a ring of protection from fire (left hand)
 q - a ring of poison resistance (right hand)
 r - a ring of positive energy
Wands
 w - a wand of charming (8)
Scrolls
 b - a scroll of immolation {unknown}
 i - a scroll of blinking {unknown}
 m - 4 scrolls of teleportation
 s - a scroll of enchant weapon {unknown}
 t - a scroll of identify {unknown}
 v - a scroll of torment {unknown}
Potions
 d - a potion of might
 e - a potion of haste
 f - a potion of lignification {unknown}
 g - a potion of heal wounds {unknown}
 h - a potion of curing
 j - 2 potions of mutation {unknown}
 n - a potion of invisibility {unknown}
 o - a potion of resistance {unknown}
 p - a potion of brilliance {unknown}


   Skills:
 - Level 4.0 Fighting
 * Level 6.6 Axes
 - Level 4.0 Armour
 - Level 4.0 Shields


You had 4 spell levels left.
You didn't know any spells.
Your spell library was empty.

Dungeon Overview and Level Annotations

Branches:
Dungeon (4/15)
 Temple: D:4-7

Altars:
Gozag
Nemelex Xobeh
The Shining One


Message History

The orc priest is almost dead.
The orc priest shouts, "Join the one true god or die!"
The orc priest hits you but does no damage.
You barely miss the orc priest.
The orc priest is almost dead.
The orc priest shouts, "Surrender to Beogh and we'll let you live!"
The orc priest hits you with a +0 whip.
* * * LOW HITPOINT WARNING * * *
Unknown command.
Unknown command.
You barely miss the orc priest.
The orc priest is almost dead.
The orc priest hits you with a +0 whip.
* * * LOW HITPOINT WARNING * * *
Unknown command.
Unknown command.
You feel better. The orc priest barely misses you.
Unknown command.
You closely miss the orc priest.
The orc priest shouts, "Join the one true god or die!"
The orc priest is almost dead.
You barely miss the orc priest.
The orc priest calls upon Beogh to heal the orc priest.
The orc priest is healed somewhat.
The orc priest closely misses you.
The orc priest hits you with a +0 hand axe.
* * * LOW HITPOINT WARNING * * *
Unknown command.
Unknown command.
You slash the orc priest!
You kill the orc priest!
You closely miss the orc priest.
The orc priest threatens, "By the altar or by the axe, you will meet Beogh!"
The orc priest hits you but does no damage.
Unknown command.
Unknown command.
You hit the orc priest.
The orc priest is heavily wounded.
The orc priest calls down the wrath of Beogh upon you.
Beogh smites you!
You die...

#........ #..>....<
#........ #........ #......
###.... ##.##o#######
#...@)......# #...........#
..... #...........+ ....
######..####### ...
#....#'###...# #####..
#....#..♣♣♣♣'♣♣♣♣...#..
#....#..'.......'...#..
#....#..♣.#...#.♣...#..
#####....#..♣.#._.#.♣####..


You could see an orc priest.

Vanquished Creatures
  2 orc priests (D:4)
  Natasha (thrice) (D:2)
  2 adders (D:2)
  9 orcs
  6 ball pythons
  2 endoplasms (D:1)
  2 giant cockroaches
  5 hobgoblins
  2 jackals (D:1)
  4 kobolds
  2 quokkas
  6 bats
  2 frilled lizards (D:1)
  3 goblins
  A rat (D:1)
51 creatures vanquished.

Notes
Turn   | Place    | Note
-------+----------+-------------------------------------------
     0 | D:1      | Kenran the Hill Orc Fighter began the quest for the Orb.
     0 | D:1      | Reached XP level 1. HP: 19/19 MP: 1/1
    60 | D:1      | Reached skill level 3 in Axes
    66 | D:1      | Reached XP level 2. HP: 23/27 MP: 2/2
  1051 | D:2      | Noticed Natasha
  1065 | D:2      | Killed Natasha
  1066 | D:2      | Reached XP level 3. HP: 6/33 MP: 3/3
  1291 | D:2      | Noticed Natasha
  1297 | D:2      | Killed Natasha
  1298 | D:2      | Reached skill level 4 in Axes
  1298 | D:2      | Reached XP level 4. HP: 34/40 MP: 4/4
  1347 | D:2      | Found a faded altar of an unknown god.
  1583 | D:2      | Noticed Natasha
  1715 | D:2      | Killed Natasha
  1716 | D:2      | Reached skill level 5 in Axes
  1716 | D:2      | Reached XP level 5. HP: 4/46 MP: 5/5
  2463 | D:3      | Found a sparkling altar of Nemelex Xobeh.
  2463 | D:3      | Found an opulent altar of Gozag.
  3475 | D:4      | Found a glowing golden altar of the Shining One.
  3540 | D:4      | Reached skill level 6 in Axes
  3598 | D:4      | Killed from afar by an orc priest

Illustrated notes

Levels and vault maps discovered:
D:1:      lemuel_arrival_room, layout_loops_ring, minmay_hexomino_p4
D:2:      layout_rooms, chequers_ecumenical_altar_simple_redux, uniq_natasha
D:3:      layout_basic, grunt_temple_overflow_opulence
D:4:      layout_gridville, mainiacjoe_overflow_six_doors_small,
          minmay_lizard_king, uniq_duvessa, uniq_robin

Skill      XL: |  1  2  3  4  5 |
---------------+----------------+-----
Axes           | 3 4 5 6 |  6.6
Fighting       | 4 |  4.0
Armour         | 4 |  4.0
Shields        | 4 |  4.0

Action                   |  1- 3 |  4- 6 || total
-------------------------+-------+-------++-------
Melee: War axe           |    62 |   101 ||   163
  Use: Potion            |       |     2 ||     2
       Scroll            |       |     1 ||     1
Armor: Scale mail        |    25 |       ||    25
       Plate armour      |    12 |    69 ||    81
Dodge: Dodged            |    34 |    26 ||    60
Block: Buckler           |    17 |    21 ||    38
